 Dungeon Crawl Stone Soup version 0.21.1-1-g345015fe64 (webtiles) character file.

3020 JarielCorvus the Fighter (level 9, -2/85 HPs)
             Began as a Minotaur Berserker on July 7, 2018.
             Was an Elder of Trog.
             Slain by GotenAND's ghost (17 damage)
             ... on level 7 of the Dungeon.
             The game lasted 00:17:30 (6817 turns).

JarielCorvus the Fighter (Minotaur Berserker)       Turns: 6817, Time: 00:17:30

Health: -2/85      AC:  9    Str: 26    XL:     9   Next: 55%
Magic:  8/8        EV: 12    Int:  4    God:    Trog [****..]
Gold:   249        SH:  4    Dex:  9    Spells: 8/8 levels left

rFire    . . .     SeeInvis +   x - +1 falchion (drain)
rCold    . . .     Gourm    .   l - +0 buckler
rNeg     . . .     Faith    .   t - +1 ring mail {rPois}
rPois    +         Spirit   .   (helmet restricted)
rElec    .         Reflect  .   z - +0 cloak
rCorr    .         Harm     .   (no gloves)
MR       .....                  (no boots)
Stlth    ..........             (no amulet)
HPRegen  0.24/turn              j - ring of see invisible
MPRegen  0.11/turn              (no ring)

@: no status effects
A: retaliatory headbutt, horns 2
a: Berserk, Trog's Hand, Brothers in Arms, Burn Spellbooks, Renounce Religion


You were on level 7 of the Dungeon.
You worshipped Trog.
Trog was greatly pleased with you.
You were not hungry.

You visited 1 branch of the dungeon, and saw 7 of its levels.

You collected 249 gold pieces.

Inventory:

Hand Weapons
 a - a +1 falchion
 e - a cursed -2 hand axe
 k - a +2 short sword of flaming
 s - a +0 short sword of venom
 x - a +1 falchion of draining (weapon)
Armour
 b - a +0 animal skin
 l - a +0 buckler (worn)
 t - a +1 ring mail of poison resistance (worn)
 z - a +0 cloak (worn)
Jewellery
 i - a cursed ring of teleportation
 j - a ring of see invisible (left hand)
Scrolls
 h - 3 scrolls of teleportation
 m - a scroll of remove curse
 u - a scroll of enchant weapon
 y - 2 scrolls of fear
 B - a scroll of amnesia {unknown}
Potions
 d - 2 potions of invisibility
 f - a potion of mutation {unknown}
 g - 2 potions of cancellation {unknown}
 n - a potion of berserk rage {unknown}
 o - 2 potions of degeneration
 p - 2 potions of brilliance {unknown}
 q - 2 potions of magic {unknown}
 r - a potion of ambrosia {unknown}
 v - 2 potions of heal wounds {unknown}
 A - a potion of lignification {unknown}
Comestibles
 c - 9 rations


   Skills:
 * Level 10.0 Fighting
 + Level 7.6 Long Blades
 * Level 9.3 Armour
 - Level 4.1 Dodging
 + Level 5.0 Shields


You had 8 spell levels left.
You didn't know any spells.

Dungeon Overview and Level Annotations

Branches:
Dungeon (7/15)             Temple (0/1) D:6

Altars:
Makhleb
Nemelex Xobeh
Qazlal
Uskayaw
Wu Jian
Xom
Yredelemnul
The Shining One

Annotations:
D:7 GotenAND's ghost, novice DDFi


Innate Abilities, Weirdness & Mutations

You reflexively headbutt those who attack you in melee.
You have a pair of horns on your head.


Message History

GotenAND's ghost hits you.
* * * LOW HITPOINT WARNING * * *
You slash GotenAND's ghost!
You headbutt GotenAND's ghost, but do no damage.
GotenAND's ghost is severely damaged.
GotenAND's ghost hits you.
* * * LOW HITPOINT WARNING * * *
You closely miss GotenAND's ghost.
GotenAND's ghost is severely damaged.
GotenAND's ghost barely misses you. You furiously retaliate!
You headbutt GotenAND's ghost, but do no damage.
You closely miss GotenAND's ghost. Your headbutt misses GotenAND's ghost.
GotenAND's ghost is severely damaged.
GotenAND's ghost barely misses you.
You riposte.
You hit GotenAND's ghost. Your headbutt misses GotenAND's ghost.
GotenAND's ghost is severely damaged.
You hit GotenAND's ghost but do no damage.
GotenAND's ghost is severely damaged.
GotenAND's ghost hits you!
You die...

..... ###
.....####.##
...%.
..........<###
...).
...##..##...#
#..... #..####.#
#....<#
#...(##.##....>..
#.##.##.#........
#.##)##.#>?......
#.##)@Wh.........
#.######...[.....
..# #.........
### #.#.......
..........
#..?.......
#..........
..#........


You could see GotenAND's ghost and a jackal.

Vanquished Creatures
  A two-headed ogre (D:6)
  The ghost of Necrophagist the Magician, a novice TeWz of Vehumet (D:6)
  Menkaure (D:5)
  Edmund (D:6)
  Duvessa (D:4)
  2 ice beasts
  A necrophage (D:5)
  2 phantoms (D:5)
  3 ogres
  2 centaurs
  The ghost of JarielCorvus the Magician, an amateur DECj (D:3)
  Dowan (D:4)
  A centaur skeleton (D:6)
  2 hounds
  Crazy Yiuf (D:5)
  An orc priest (D:4)
  A jelly (D:6)
  4 iguanas
  3 orc wizards
  8 worker ants
  6 adders
  A shadow imp (D:5)
  An ooze (D:1)
  2 adder skeletons
  6 worms
  3 dart slugs
  3 leopard geckos
  9 orcs
  3 giant cockroaches
  7 goblins
  7 hobgoblins
  13 jackals
  3 quokkas
  A ball python (D:2)
  6 bats
  3 frilled lizards
  7 kobolds
  A quokka zombie (D:6)
  4 rats
  A butterfly (D:6)
125 creatures vanquished.

Notes
Turn   | Place    | Note
-------+----------+-------------------------------------------
     0 | D:1      | JarielCorvus the Minotaur Berserker began the quest for the Orb.
     0 | D:1      | Reached XP level 1. HP: 19/19 MP: 0/0
   155 | D:1      | Reached XP level 2. HP: 3/27 MP: 1/1
   808 | D:1      | Reached skill level 4 in Fighting
   849 | D:1      | Reached XP level 3. HP: 25/33 MP: 2/2
   973 | D:2      | Found a shimmering altar of Xom.
   976 | D:2      | Found a burning altar of Makhleb.
  1337 | D:2      | Reached ** piety under Trog
  2139 | D:3      | Reached XP level 4. HP: 38/41 MP: 3/3
  2166 | D:3      | Found a sparkling altar of Nemelex Xobeh.
  2845 | D:3      | Found an ornate altar of the Wu Jian Council.
  2895 | D:3      | Noticed JarielCorvus's ghost (amateur DECj)
  2899 | D:3      | Killed JarielCorvus's ghost
  2899 | D:3      | Reached skill level 5 in Fighting
  2899 | D:3      | Reached XP level 5. HP: 22/48 MP: 4/4
  3485 | D:4      | Reached skill level 5 in Long Blades
  3522 | D:4      | Reached XP level 6. HP: 11/56 MP: 5/5
  3892 | D:4      | Noticed an ice beast
  3909 | D:4      | Killed an ice beast
  4156 | D:4      | Reached skill level 6 in Fighting
  4156 | D:4      | Reached skill level 5 in Armour
  4338 | D:4      | Reached XP level 7. HP: 42/64 MP: 6/6
  4343 | D:4      | Found a stormy altar of Qazlal.
  4597 | D:4      | Noticed Duvessa
  4604 | D:4      | Killed Duvessa
  4605 | D:4      | Noticed Dowan
  4613 | D:4      | Killed Dowan
  4683 | D:5      | Entered Level 5 of the Dungeon
  4683 | D:5      | Noticed Menkaure
  4687 | D:5      | Killed Menkaure
  4687 | D:5      | Reached skill level 7 in Fighting
  4693 | D:5      | Reached skill level 1 in Shields
  4744 | D:5      | Reached *** piety under Trog
  4871 | D:5      | Reached XP level 8. HP: 63/73 MP: 7/7
  4891 | D:5      | Found a glowing golden altar of the Shining One.
  4907 | D:5      | Found a basalt altar of Yredelemnul.
  4931 | D:5      | Found a runed door.
  5040 | D:5      | Reached skill level 8 in Fighting
  5422 | D:5      | Noticed Crazy Yiuf
  5431 | D:5      | Killed Crazy Yiuf
  5675 | D:6      | Noticed Necrophagist's ghost (novice TeWz)
  5693 | D:6      | Killed Necrophagist's ghost
  5821 | D:6      | Noticed a two-headed ogre
  5835 | D:6      | Killed a two-headed ogre
  5835 | D:6      | Reached skill level 9 in Fighting
  5835 | D:6      | Reached XP level 9. HP: 14/84 MP: 8/8
  6173 | D:6      | Found a hide-covered altar of Uskayaw.
  6263 | D:6      | Found a staircase to the Ecumenical Temple.
  6384 | D:6      | Noticed Edmund
  6394 | D:6      | Killed Edmund
  6761 | D:7      | Reached skill level 5 in Shields
  6765 | D:7      | Noticed GotenAND's ghost (novice DDFi)
  6771 | D:7      | Reached **** piety under Trog
  6771 | D:7      | Reached skill level 10 in Fighting
  6817 | D:7      | Slain by GotenAND's ghost

Skill      XL: |  1  2  3  4  5  6  7  8  9 |
---------------+----------------------------+-----
Long Blades    | 4 5 6 7 |  7.6
Fighting       | 4 5 6 7 9 10 | 10.0
Armour         | 3 4 5 6 8 9 |  9.3
Dodging        | 3 4 |  4.1
Shields        | 1 4 5 |  5.0

Action                   |  1- 3 |  4- 6 |  7- 9 || total
-------------------------+-------+-------+-------++-------
Melee: Falchion          |    73 |       |   119 ||   192
       Headbutt          |    16 |    27 |    42 ||    85
       Short sword       |     5 |   103 |    77 ||   185
Invok: Berserk           |       |       |     2 ||     2
  Use: Scroll            |     9 |       |     4 ||    13
  Eat: Chunk             |     2 |     9 |     6 ||    17
       Ration            |       |       |     1 ||     1
Armor: Animal skin       |    13 |    12 |     1 ||    26
       Ring mail         |       |       |    36 ||    36
Dodge: Dodged            |    50 |    51 |   107 ||   208
Block: Buckler           |       |     1 |    25 ||    26
       Rpst.: Falchion   |     9 |       |    27 ||    36
